 Dungeon Crawl Stone Soup version 0.31-a0-1612-g4aaf141 (webtiles) character file.

Game seed: 2612932815780806854

284 PublicAnimeNo1 the Apothecary (level 6, -4/41 HPs)
             Began as a Demonspawn Alchemist on Jan 9, 2024.
             Shot with an arrow by a centaur (15 damage)
             ... on level 5 of the Dungeon.
             The game lasted 00:08:36 (4593 turns).

PublicAnimeNo1 the Apothecary (DsAl)                Turns: 4593, Time: 00:08:36

Health: -4/41      AC:  2    Str: 10    XL:     6   Next: 7%
Magic:  6/11       EV: 15    Int: 17    God:
Gold:   48         SH:  0    Dex: 14    Spells: 3/11 levels left

rFire   + . .        a - +2 spear of the Forgotten Spines {freeze, rPois rC- rN+ Str+2}
rCold   . . .        (no shield)
rNeg    + . .        r - +0 robe {Will+}
rPois   +            (no helmet)
rElec   +            (no cloak)
rCorr   +            (no gloves)
SInv    .            (no boots)
Will    +....        (no amulet)
Stlth   ++           v - ring of poison resistance
HPRegen 0.26/turn    (no ring)
MPRegen 0.12/turn

%: no passive effects
@: resistant
A: repulsion field 2, weakness stinger 2
a: no special abilities


You were on level 5 of the Dungeon.
You visited 1 branch of the dungeon, and saw 5 of its levels.

You collected 265 gold pieces.
You spent 217 gold pieces at shops.

Inventory:

Hand Weapons
 a - the +2 spear of the Forgotten Spines (weapon) {freeze, rPois rC- rN+ Str+2}
   (You found it on level 4 of the Dungeon)

   Str+2:     It affects your strength (+2).
   rC-:       It makes you vulnerable to cold.
   rPois:     It protects you from poison rN+: It protects you from negative
   energy.
 e - a +0 dagger
 p - a +0 trident
Missiles
 q - a throwing net
Armour
 r - a +0 robe of willpower (worn)
Jewellery
 s - a ring of fire
 v - a ring of poison resistance (left hand)
Scrolls
 i - a scroll of acquirement
 j - 2 scrolls of amnesia
 k - a scroll of fog {unknown}
 m - 3 scrolls of teleportation
 n - a scroll of blinking {unknown}
 u - a scroll of brand weapon
 x - a scroll of identify
Potions
 b - a potion of magic
 c - 2 potions of lignification
 d - a potion of attraction
 f - a potion of brilliance
 g - a potion of haste
 h - a potion of experience {unknown}
 l - 3 potions of curing
 o - a potion of might {unknown}
 t - a potion of cancellation {unknown}
 w - a potion of resistance


   Skills:
 - Level 1.7 Dodging
 - Level 1.7 Stealth
 + Level 3.4 Spellcasting
 - Level 1.0 Conjurations
 * Level 6.1 Alchemy


You had 3 spell levels left.
You knew the following spells:

 Your Spells              Type           Power      Damage    Failure   Level
a - Sting                 Conj/Alch      60%        1d6       4%          1
b - Olgreb's Toxic Radia  Alch           23%        N/A       14%         4
c - Mephitic Cloud        Conj/Alch/Air  10%        N/A       19%         3

Your spell library contained the following spells:

 Spells                   Type           Power      Damage    Failure   Level
 Mercury Vapours          Alch/Air       26%        N/A       8%          2
 Sticky Flame             Fire/Alch      13%        2d5       43%         4


Dungeon Overview and Level Annotations

Branches:
Dungeon (5/15)
 Temple: D:4-7

Altars:
Sif Muna
Uskayaw

Shops:
D:4 ?(

Annotations:
D:2 1 exclusion, Sigmund
D:3 exclusions: 2 gnolls and gnoll bouda


Innate Abilities, Weirdness & Mutations

You are surrounded by a moderate repulsion field. (EV +3)
You have a tail ending in a sharp stinger.


Message History

The centaur shoots an arrow.
The arrow hits you!
The centaur unwields a +0 orcbow.
The centaur hits you. The centaur closely misses you.
Casting: Sting (safe; 4% risk of failure)
Confirm with . or Enter, or press ? or * to list all spells.
You begin to radiate toxic energy.
The hound is poisoned.
The iguana is poisoned.
The centaur is poisoned.
The hound looks even sicker.
The centaur hits you. The centaur kicks you. The hound barely misses you.
The hound looks even sicker.
The iguana looks even sicker.
The centaur looks even sicker.
Your toxic aura wanes.
The centaur wields a +0 orcbow.
The centaur shoots an arrow.
The arrow misses you. The iguana closely misses you.
The hound closely misses you.
You hit the hound. You freeze the hound.
The hound is severely wounded.
The hound closely misses you. The hound bites you but does no damage.
You closely miss the hound.
Your tail-slap misses the hound.
The hound is severely wounded.
The hound bites you.
* * * LOW HITPOINT WARNING * * *
You aren't carrying any items that you can evoke.
It was a potion of resistance.
You feel protected. The hound misses you. The hound barely misses you.
Aiming: Sting (safe; 4% risk of failure)
Press: ? - help, Q - select action, (/) - cycle Shift-Dir - straight line, f - hound
Aim: a hound (almost dead, very poisoned, 64% to hit)
The sting hits the hound.
The hound looks even sicker.
The hound is almost dead.
The hound barely misses you.
Aiming: Sting (safe; 4% risk of failure)
Press: ? - help, Q - select action, (/) - cycle Shift-Dir - straight line, f - centaur, p - hound
Aim: a centaur, wielding a +0 orcbow (heavily wounded, poisoned, 84% to hit)
The sting misses the hound.
The sting hits the centaur.
The centaur looks even sicker.
The centaur is severely wounded.
You kill the hound!
The centaur shoots an arrow.
The arrow hits you!
You die...

..# #.# ....# .## #.#
#....# ### ##.###.....#
..# #......>....
..###.........#
...###.......##
..............#
..##..........############
..##............@.c.......
#####.........####l.......
#.........# #........
#........## #........
##......## #........
##.###.# ####...## #..
#..# ..## ###....# ...
#...


You could see a centaur (very poisoned) and an iguana (poisoned).

Vanquished Creatures
  A bombardier beetle (D:3)
  2 hounds (D:5)
  An orc priest (D:3)
  3 orc wizards (D:4)
  3 gnolls (D:4)
  An adder (D:3)
  3 dart slugs
  A ribbon worm (D:3)
  7 orcs
  5 endoplasms
  2 giant cockroaches (D:1)
  A goblin (D:4)
  2 hobgoblins
  4 jackals (D:2)
  4 quokkas
  3 training dummies (D:4)
  8 ball pythons
  6 bats
  2 frilled lizards
  7 kobolds
  3 rats
69 creatures vanquished.

Notes
Turn   | Place    | Note
-------+----------+-------------------------------------------
     0 | D:1      | PublicAnimeNo1 the Demonspawn Alchemist began the quest for
                  | the Orb.
     0 | D:1      | Reached XP level 1. HP: 13/13 MP: 3/3
   271 | D:1      | Gained mutation: You are surrounded by a mild repulsion
                  | field. (EV +2) [demonic ancestry]
   271 | D:1      | Reached XP level 2. HP: 19/19 MP: 3/5
   611 | D:1      | Reached skill level 4 in Alchemy
   956 | D:2      | Found a hide-covered altar of Uskayaw.
  1025 | D:2      | Noticed Sigmund
  1203 | D:2      | Gained mutation: You have a small tail. [demonic ancestry]
  1203 | D:2      | Reached XP level 3. HP: 24/24 MP: 0/6
  1816 | D:3      | Gained mutation: You are surrounded by a moderate repulsion
                  | field. (EV +3) [demonic ancestry]
  1816 | D:3      | Reached XP level 4. HP: 30/30 MP: 2/7
  2317 | D:3      | Reached skill level 5 in Alchemy
  3309 | D:4      | Reached XP level 5. HP: 5/35 MP: 2/9
  3774 | D:4      | Identified the +2 spear of the Forgotten Spines {freeze,
                  | rPois rC- rN+ Str+2}
  3865 | D:4      | Found Wautoff's Magic Scroll Emporium.
  3874 | D:4      | Bought a scroll of brand weapon for 133 gold pieces
  3874 | D:4      | Bought a scroll of identify for 28 gold pieces
  3874 | D:4      | Bought a scroll of identify for 28 gold pieces
  3874 | D:4      | Bought a scroll of identify for 28 gold pieces
  3878 | D:4      | Identified a scroll of acquirement
  3991 | D:4      | Found Mozxykhlu's Firing Range.
  4213 | D:4      | Found a shimmering blue altar of Sif Muna.
  4226 | D:4      | Learned a level 4 spell: Olgreb's Toxic Radiance
  4230 | D:4      | Learned a level 3 spell: Mephitic Cloud
  4510 | D:5      | Entered Level 5 of the Dungeon
  4527 | D:5      | Reached skill level 6 in Alchemy
  4527 | D:5      | Gained mutation: You have a tail ending in a sharp stinger.
                  | [demonic ancestry]
  4527 | D:5      | Reached XP level 6. HP: 41/41 MP: 8/11
  4593 | D:5      | Shot with an arrow by a centaur

Illustrated notes

Levels and vault maps discovered:
D:1:      minmay_arrival_semitransparent, layout_basic
D:2:      layout_basic, basic_altar, uniq_sigmund
D:3:      cheibrodos_pilgrimage, layout_basic
D:4:      layout_basic, led_sif_book, serial_shops, shop,
          nicolae_shop_firing_range
D:5:      layout_rooms, lemuel_zombie_altar_yredelemnul,
          grunt_dithmenos_smoke_and_mirrors, lemuel_coloured_pillars_altar,
          lexackson_kobold_supper, uniq_prince_ribbit1, uniq_edmund

Skill      XL: |  1  2  3  4  5 |
---------------+----------------+-----
Alchemy        | 4 5 6 |  6.1
Spellcasting   | 3 |  3.4
Dodging        | |  1.7
Stealth        | |  1.7
Conjurations   | |  1.0

Action                     |  1- 3 |  4- 6 || total
---------------------------+-------+-------++-------
  Melee: Dagger            |    39 |     7 ||    46
         Unarmed           |     1 |       ||     1
         Tailslap          |     1 |     3 ||     4
         Trident           |       |    18 ||    18
         Punch             |       |     2 ||     2
         Spear             |       |    19 ||    19
   Cast: Sting             |    53 |    71 ||   124
         Olgreb's Toxic Ra |       |     1 ||     1
    Use: Scroll            |     2 |     4 ||     6
         Potion            |       |     2 ||     2
   Stab: Sleeping          |       |     1 ||     1
 Armour: Robe              |    31 |    52 ||    83
  Dodge: Dodged            |    31 |    71 ||   102

Table legend: (Time is in decaauts)
 A = Elapsed time spent in this place.
 B = Non-inter-level travel time spent in this place.
 C = Inter-level travel time spent in this place.
 D = Time resting spent in this place.
 E = Time spent auto-exploring this place.
 F = Levels seen in this place.
 G = Mean time per level.
                   A        B        C        D        E       F      G
               +--------+--------+--------+--------+--------+-----+--------+
         Total |   4598 |   4367 |    231 |    498 |   3070 |   5 |  919.6 |
       Dungeon |   4598 |   4367 |    231 |    498 |   3070 |   5 |  919.6 |
               +--------+--------+--------+--------+--------+-----+--------+

Top non-repeatable levels by time:
     D:3: 1519 daAuts
     D:4: 1291 daAuts
     D:2: 875 daAuts
     D:1: 828 daAuts
     D:5: 83 daAuts
